Map: Vaani Research Station (Void)

Players

Musumeci

  • Race: Zerg Zerg
  • League: Diamond
  • Spawn Location: 12:00

Tiger - Winner!

  • Race: Zerg Zerg
  • League: Diamond
  • Spawn Location: 6:00

VOD

Have the link to the VOD?

Description

Time

  • Played on: Jan. 6, 2017, 8:25 a.m.
  • Length: 19:17
Show
View Real Time Build Order
Export as new Build Order

Musumeci Zerg 

Build Orders: Hatch First 

Get SALT Encoding   

  12  0:01  Drone  
  13  0:13  Overlord  
  13  0:18  Drone  
  14  0:23  Extractor  
  14  0:24  Drone  
  15  0:36  Drone x2  
  17  0:58  Hatchery  
  16  1:10  Extractor  
  15  1:14  Spawning Pool  
  14  1:19  Drone  
  14  1:22  Drone  
  14  1:25  Drone  
  17  1:30  Drone  
  18  1:44  Drone  
  19  2:02  Queen  
  19  2:04  Spine Crawler, Zergling x4  
  22  2:10  Zergling x2  
  23  2:18  Zergling x2  
  24  2:35  Zergling x8  
  27  2:43  Drone  
  28  3:04  Baneling Nest  
  27  3:08  Queen  
  27  3:09  Roach Warren  
  28  3:13  Overlord  
  27  3:34  Overlord  
  27  3:42  Drone  
  28  3:50  Roach x3  
  28  3:52  Baneling x2  
  34  3:58  Roach  
  36  4:08  Drone x3  
  36  4:09  Drone  
  37  4:20  Roach  
  37  4:21  Roach  
  41  4:35  Roach  
  43  4:39  Overlord  
  43  4:46  Overlord  
  42  5:04  Roach  
  42  5:05  Roach x3  
  48  5:16  Ravager  
  48  5:19  Ravager  
  48  5:25  Roach x3  
  42  5:36  Roach  
  42  5:39  Drone x5, Extractor  
  42  5:40  Drone x3  
  49  5:57  Drone x2  
  51  6:04  Overlord  
  51  6:05  Overlord  
  51  6:08  Lair  
  51  6:17  Drone x3, Extractor x2  
  52  6:25  Drone  
  52  6:26  Drone x2  
  52  6:27  Drone  
  52  6:28  Drone  
  57  6:33  Drone  
  58  6:40  Overlord  
  58  7:11  Spire  
  58  7:13  Drone  
  58  7:14  Drone x5  
  58  7:15  Overlord x3  
  63  7:28  Roach x2  
  66  8:07  Hatchery  
  65  8:19  Evolution Chamber  
  64  8:21  Spine Crawler  
  64  8:24  Mutalisk x10  
  83  8:29  Overlord  
  83  8:30  Overlord  
  83  8:32  Mutalisk  
  85  8:47  Zerg Flyer Weapons Level 1  
  85  8:52  Spine Crawler x2  
  85  8:53  Mutalisk  
  85  9:01  Drone x2  
  85  9:02  Drone x2  
  89  9:04  Drone x3  
  84  9:41  Mutalisk x5  
  84  10:19  Mutalisk  
  84  10:20  Mutalisk x3  
  55  11:05  Drone  
  55  11:06  Drone x5  
  33  11:25  Drone x3  
  33  11:32  Evolution Chamber  
  33  11:33  Spine Crawler  
  33  11:38  Drone x4  
  36  11:43  Drone x2  
  36  11:44  Hatchery, Drone x2  
  39  11:54  Drone x2  
  39  11:57  Queen  
  41  12:24  Drone x5  
  41  12:25  Drone x2  
  41  12:27  Centrifical Hooks  
  46  12:42  Drone  
  46  12:43  Drone x2  
  49  12:44  Drone x2  
  49  12:45  Drone x2  
  53  12:51  Zergling x2  
  53  12:52  Zergling x2  
  53  12:57  Zergling x2  
  53  12:58  Zergling x8  
  60  13:11  Mutalisk x3  
  66  13:14  Baneling  
  66  13:15  Baneling x3  
  66  13:16  Baneling x4  
  66  13:18  Baneling x6  
  66  13:26  Zergling x16  
  74  13:41  Drone  
  74  13:42  Drone x5  
  74  13:45  Baneling x4  
  74  13:46  Baneling x11  
  74  13:47  Metabolic Boost, Baneling  
  80  14:08  Zergling x18  
  89  14:24  Hatchery  
  87  14:41  Zergling x24  
  99  14:47  Overseer  
  99  14:51  Zergling x2  
  99  14:52  Mutalisk  
  100  14:53  Mutalisk  
  104  15:11  Baneling x5  
  104  15:16  Overlord x3  
  104  15:22  Extractor  
  104  15:24  Extractor  
  102  15:37  Mutalisk  
  102  15:38  Mutalisk x3  
  102  15:41  Zergling x4  
  112  15:43  Baneling  
  112  15:44  Baneling  
  112  15:50  Drone x2  
  114  16:03  Baneling x3  
  114  16:05  Baneling x3  
  114  16:06  Baneling  
  93  16:44  Zergling x4  
  93  16:45  Zergling x28  
  108  17:13  Baneling x7  
  108  17:14  Baneling x8, Zergling x2  
  108  17:15  Zergling x12  
  88  17:31  Mutalisk x4  
  88  17:35  Zergling x2  
  88  17:36  Zergling x2  
  92  17:58  Zergling x20  
  49  18:20  Baneling  
  49  18:21  Baneling x4  
  49  18:24  Mutalisk x2  
  48  18:37  Zergling x2  
  49  18:55  Baneling x5  
Show
View Real Time Build Order
Export as new Build Order

Tiger Zerg - Winner!

Build Orders: Pool First 

Get SALT Encoding   

  12  0:01  Drone  
  13  0:08  Drone  
  14  0:18  Extractor  
  13  0:28  Spawning Pool  
  12  0:32  Drone  
  13  0:36  Drone  
  14  0:46  Overlord  
  14  1:17  Queen  
  16  1:20  Metabolic Boost  
  16  1:25  Zergling x2  
  17  1:26  Zergling x4  
  19  1:38  Zergling x2  
  20  1:47  Overlord  
  20  2:00  Hatchery  
  19  2:10  Zergling x4  
  21  2:28  Drone  
  19  2:42  Zergling x2  
  19  2:43  Zergling x4  
  22  2:52  Zergling x2  
  22  2:53  Baneling Nest  
  22  3:01  Zergling x2  
  23  3:11  Zergling x2  
  23  3:12  Queen  
  26  3:36  Zergling x10  
  31  3:42  Baneling  
  31  3:43  Baneling x2  
  32  3:48  Drone  
  32  3:55  Drone  
  25  4:23  Drone x6  
  30  4:36  Zergling x2  
  30  4:37  Zergling x4  
  33  4:39  Baneling  
  33  4:46  Overlord  
  33  4:48  Zergling x2  
  34  5:02  Zergling x6  
  34  5:05  Zergling x4  
  34  5:17  Zergling x8  
  35  5:40  Drone  
  35  5:41  Drone x6  
  42  5:52  Overlord x2  
  42  5:58  Drone  
  43  6:06  Drone  
  43  6:09  Extractor  
  43  6:14  Extractor x2  
  43  6:17  Drone  
  43  6:18  Drone x6  
  48  6:20  Drone  
  49  6:34  Drone x2  
  49  6:36  Drone x3  
  49  6:39  Overlord  
  54  6:50  Evolution Chamber  
  54  6:51  Evolution Chamber  
  52  7:12  Drone  
  52  7:13  Drone x2  
  52  7:14  Drone  
  52  7:15  Overlord x2  
  56  7:16  Lair  
  56  7:18  Zerg Melee Weapons Level 1, Zerg Ground Armor Level 1  
  56  7:20  Drone x2  
  56  7:21  Drone  
  59  7:23  Drone  
  59  7:44  Drone  
  60  7:57  Overlord x2  
  60  8:06  Hatchery  
  59  8:15  Spore Crawler  
  58  8:25  Zergling x20  
  58  8:26  Zergling x4  
  70  8:29  Centrifical Hooks  
  70  8:35  Zergling x8  
  70  8:40  Overlord  
  74  8:48  Hydralisk Den  
  74  8:49  Drone x2  
  75  8:56  Baneling x5  
  75  9:02  Drone  
  76  9:18  Lurker Den  
  76  9:23  Spore Crawler  
  75  9:24  Spore Crawler x2  
  71  9:35  Spore Crawler  
  71  9:36  Spore Crawler  
  71  9:37  Spore Crawler  
  66  9:40  Zergling x2  
  66  9:41  Zergling x28  
  77  10:05  Baneling  
  77  10:06  Baneling x22  
  75  10:20  Drone x3  
  75  10:21  Drone x2  
  80  10:22  Spore Crawler  
  40  11:14  Queen  
  38  11:20  Muscular Augments  
  38  11:22  Hydralisk  
  38  11:23  Hydralisk x2  
  38  11:25  Overlord x5  
  44  11:26  Overlord  
  44  11:31  Zerg Missile Weapons Level 1  
  44  11:32  Zerg Ground Armor Level 2  
  44  11:43  Queen  
  46  11:48  Spore Crawler  
  46  11:51  Hydralisk x3  
  46  11:52  Hydralisk x3  
  57  12:08  Overlord  
  54  12:28  Zergling x14  
  61  12:36  Drone x2  
  63  12:45  Drone  
  61  13:14  Drone  
  62  13:25  Hatchery  
  61  13:39  Baneling  
  61  13:40  Baneling x3  
  61  13:41  Baneling  
  61  13:48  Zerg Melee Weapons Level 2  
  61  13:59  Hydralisk  
  61  14:00  Hydralisk x5  
  61  14:02  Hydralisk x2  
  77  14:04  Zergling x10  
  82  14:22  Extractor  
  79  14:41  Drone  
  79  14:43  Queen  
  82  14:46  Drone x7  
  82  14:47  Drone x5  
  82  14:49  Baneling  
  82  14:50  Baneling x2  
  94  14:59  Infestation Pit  
  93  15:00  Drone x3  
  96  15:16  Zerg Missile Weapons Level 2  
  96  15:18  Extractor  
  95  15:27  Spine Crawler  
  94  15:34  Zergling x2  
  94  15:35  Zergling x6  
  97  15:36  Overlord x2  
  97  15:37  Overlord x2  
  97  15:40  Spore Crawler  
  97  15:42  Spore Crawler  
  95  15:43  Drone  
  95  15:44  Drone  
  95  15:45  Drone, Spore Crawler  
  97  15:52  Overseer x3  
  97  16:13  Hatchery  
  96  16:18  Zergling x2  
  96  16:19  Zergling x14  
  96  16:20  Zergling x2  
  96  16:25  Extractor  
  104  16:30  Extractor  
  89  16:45  Baneling x6  
  89  17:01  Unknown  
  88  17:02  Extractor  
  88  17:06  Extractor  
  84  17:10  Zergling x2  
  84  17:11  Zergling x26  
  69  17:33  Pneumatized Carapace  
  69  17:36  Baneling  
  69  17:37  Baneling x2  
  69  17:43  Zergling x2  
  74  17:44  Zergling x14  
  74  17:57  Zergling x2  
  74  17:58  Zergling x4  
  50  18:27  Drone  
  50  18:28  Drone x6  
  55  18:41  Hatchery  
  55  18:44  Hydralisk  
Tags
 
Add a new tag
Caveats
  • Supply blocks, unpowered buildings, or Contaminate may cause inaccurate times.
  • Supply counts are checked every 10 seconds.